AoeStats
← SupremeSEITAN

Nomad

509747872Analyzed
4v4 RM · 5d ago on Sep 27, 2026· 33m 9s· 8 players
Game mode
Random Map
Map size
231×231
Population
200
Speed
Normal
Resources
Standard
Victory
Conquest
Starting age
Dark Age
Ending age
Imperial Age
RankedLock teamsTeams togetherTeam positionsShared explorationLock speedFull tech treeHidden civsTurbo modeCheats
Victory
Defeat
🇦🇷 Franks · Argentina
1041
+11
🇺🇸 Mongols · United States
1035
+11
🇧🇷 Georgians · Brazil
1031
+11
🇻🇪 Koreans · Venezuela
978
+13
🇪🇸 Malians · Spain
1051
-16
🇪🇸 Persians · Spain
944
-12
🇪🇸 Bohemians · Spain
894
-11
🇳🇱 Slavs · Netherlands
795
-7
who
10:23 Loom
13:10 Feudal Age
22:11 Fletching
22:45 Horse Collar
27:50 Castle Age
27:03 Scale Barding Armor
27:08 Stone Mining
28:36 Forging
29:53 Wheelbarrow
29:23 Husbandry
31:33 Bloodlines
32:13 Padded Archer Armor
32:39 Double-Bit Axe
32:46 Gold Mining
HeC_SantosFC
4:08 Loom
14:20 Feudal Age
15:36 Wheelbarrow
14:55 Double-Bit Axe
15:31 Fishing Lines
16:07 Stone Mining
16:12 Gold Mining
16:19 Horse Collar
23:11 Castle Age
21:44 Bloodlines
22:49 Forging
23:17 Scale Barding Armor
24:37 Bow Saw
25:12 Iron Casting
25:49 Chain Barding Armor
25:57 Heavy Plow
28:26 Husbandry
32:46 Gillnets
Mojojoto
8:23 Loom
12:58 Feudal Age
15:47 Wheelbarrow
15:39 Horse Collar
24:34 Castle Age
23:17 Double-Bit Axe
25:49 Hand Cart
26:17 Fletching
26:50 Bow Saw
26:48 Heavy Plow
28:57 Bodkin Arrow
Media_Pila
4:51 Loom
15:54 Feudal Age
19:41 Castle Age
18:36 Double-Bit Axe
18:46 Gold Mining
22:10 Scale Barding Armor
22:58 Forging
25:30 Chain Barding Armor
25:30 Husbandry
27:09 Iron Casting
30:41 Wheelbarrow
33:12 Hand Cart
33:45 Bow Saw
SupremeSEITAN
10:37 Loom
14:48 Feudal Age
16:07 Double-Bit Axe
16:54 Horse Collar
22:26 Castle Age
22:06 Wheelbarrow
23:50 Bow Saw
23:48 Fishing Lines
26:11 Hand Cart
27:08 Town Watch
27:17 Gold Mining
27:47 Forging
27:42 Scale Barding Armor
27:11 Pikeman
27:51 Squires
29:47 Horse Collar
32:23 Iron Casting
paingemBN
ApeteceMuchoNené
16:42 Feudal Age
15:38 Loom
23:33 Fishing Lines
26:18 Wheelbarrow
25:43 Double-Bit Axe
25:40 Horse Collar
Ruli
11:25 Loom
16:21 Feudal Age
17:26 Fishing Lines
18:48 Double-Bit Axe
24:57 Castle Age
25:57 Bow Saw
26:11 Man-at-Arms
29:08 Gold Mining
Connection lost

Rejoining the realm…

Still unreachable

The connection could not be restored.

Session expired

The server has moved on; the page needs a fresh start.